 Dungeon Crawl Stone Soup version 0.28-a0-984-g3775c662fe (webtiles) character file.

Game seed: 3643586432332455234

670 oldriver the Magician (level 7, -3/51 HPs)
             Began as a Black Draconian Conjurer on Dec 4, 2021.
             Succumbed to Ijyb's poison
             ... on level 4 of the Dungeon.
             The game lasted 00:05:23 (4912 turns).

oldriver the Magician (Black Draconian Conjurer)    Turns: 4912, Time: 00:05:23

Health: -3/51      AC:  6    Str: 11    XL:     7   Next: 32%
Magic:  1/15       EV: 16    Int: 21    God:
Gold:   194        SH:  4    Dex:  9    Spells: 9/20 levels left

rFire   . . .      SeeInvis .   d - staff of cold
rCold   + . .      Faith    .   (no shield)
rNeg    + . .      Spirit   .   (armour unavailable)
rPois   .          Reflect  .   (helmet restricted)
rElec   +          Harm     .   e - scarf {+Inv}
rCorr   .          Rampage  .   (no gloves)
Will    .....                   (no boots)
Stlth   ++........              (no amulet)
HPRegen 0.17/turn               f - +4 ring of evasion
MPRegen 0.14/turn               j - ring of positive energy

@: lethally poisoned (-3 -> -20), about to teleport, invisible
A: breathe lightning, AC +6, unfitting armour, electricity resistance,
cold-blooded, large bone plates 1, low mp 1, strong 1
a: Breathe Lightning, Evoke Invisibility


You were on level 4 of the Dungeon.
You visited 1 branch of the dungeon, and saw 4 of its levels.

You collected 194 gold pieces.

Inventory:

Armour
 e - a scarf of invisibility (worn)
Magical Staves
 d - a staff of cold (weapon)
Jewellery
 f - a +4 ring of evasion (left hand)
 j - a ring of positive energy (right hand)
Scrolls
 b - 3 scrolls of identify {unknown}
 c - a scroll of fear
 i - a scroll of enchant weapon {unknown}
 k - a scroll of holy word {unknown}
 l - 2 scrolls of enchant armour {unknown}
 m - a scroll of silence {unknown}


   Skills:
 + Level 0.6 Fighting
 + Level 2.0 Dodging
 + Level 2.1 Stealth
 + Level 0.2 Shields
 * Level 7.1 Spellcasting
 + Level 4.4 Conjurations


You had 9 spell levels left.
You knew the following spells:

 Your Spells              Type           Power      Damage    Failure   Level
a - Magic Dart            Conj           100%       1d8       1%          1
b - Searing Ray           Conj           52%        2d6       1%          2
c - Iskenderun's Mystic   Conj/Tloc      16%        2d5       34%         4
d - Fulminant Prism       Conj/Hex       8%         3d7       34%         4

Your spell library contained the following spells:

 Spells                   Type           Power      Damage    Failure   Level
 Dazzling Flash           Conj/Hex       32%        N/A       11%         3
 Sublimation of Blood     Necr           7%         N/A       13%         2
 Wereblood                Tmut           7%         N/A       13%         2
 Summon Hydra             Summ           3%         N/A       100%        7


Dungeon Overview and Level Annotations

Branches:
Dungeon (4/15)
 Temple: D:4-7

Altars:

Annotations:
D:4 Ijyb, Robin


Innate Abilities, Weirdness & Mutations

You can breathe wild blasts of lightning.
Your glossy black scales are hard. (AC +6)
You cannot fit into any form of body armour.
You are resistant to electric shocks. (rElec)
You are cold-blooded and may be slowed by cold attacks.
You are partially covered in large bone plates. (SH +4)
Your magical capacity is low. (-10% MP)
Your muscles are strong. (Str +2)


Message History

You are poisoned.
Casting: Searing Ray (safe; 1% risk of failure)
Confirm with . or Enter, or press ? or * to list all spells.
Aiming: Searing Ray (safe; 1% risk of failure)
Press: ? - help, Shift-Dir - straight line, f/p - Ijyb
Aim: Ijyb, wielding a +1 dagger of venom, wearing a +0 chain mail and carrying a wand of digging (6) (lightly wounded, 79% to hit)
The searing ray hits Ijyb.
Ijyb is moderately wounded. (Press . to maintain the ray.)
You feel very sick.
Ijyb hits you with a +1 dagger of venom.
You are lethally poisoned!
Without enough magic to sustain it, your searing ray dissipates.
* * * LOW HITPOINT WARNING * * *
You feel very sick.
Ijyb hits you with a +1 dagger of venom.
* * * LOW HITPOINT WARNING * * *
It was a potion of invisibility.
You fade into invisibility!
* * * LOW HITPOINT WARNING * * *
You feel very sick. Ijyb closely misses you.
You hit Ijyb.
Ijyb is moderately wounded.
* * * LOW HITPOINT WARNING * * *
You feel very sick. Ijyb completely misses you.
You aren't carrying any potions.
As you read the scroll labelled FYUGRE QUDDYO, it crumbles to dust.
You feel strangely unstable.
It was a scroll of teleportation.
* * * LOW HITPOINT WARNING * * *
You feel sick.
Ijyb hits you with a +1 dagger of venom.
* * * LOW HITPOINT WARNING * * *
You are more poisoned.
Okay, then.
You aren't carrying any potions.
You hit Ijyb but do no damage.
Ijyb is moderately wounded.
You die...

#....#'## . #.gg.#..#
.####### #...g#..# #####
#....#...#gg..#..# .....
#....#.g......#..# ######
..!...#....#...........#
.....#
......#....#...'....#..#
.....#
......g....#####....####
.....# #@...#<..#........
.....#
########....#...#.......(
.....#
#.......#####...#........
.....#
#.......#.......#........
.....#
#.......#.......#........
##+###
#.......#..##...#........
.....#
#.......#..##...#........
.....#
#.......#..##...#.......>
.....#
#.......#.......#........


You could see Ijyb.

Vanquished Creatures
  Grinder (D:4)
  An ice beast (D:3)
  A necrophage (D:3)
  A phantom (D:4)
  A scorpion (D:4)
  A hound (D:3)
  5 adders
  2 worms
  3 dart slugs
  7 orcs
  2 ball pythons (D:3)
  7 bats
  7 endoplasms
  A giant cockroach (D:1)
  6 goblins
  3 hobgoblins
  6 jackals
  3 quokkas
  3 frilled lizards
  8 kobolds
  5 rats
74 creatures vanquished.

Notes
Turn   | Place    | Note
-------+----------+-------------------------------------------
     0 | D:1      | oldriver the Draconian Conjurer began the quest for the
                  | Orb.
     0 | D:1      | Reached XP level 1. HP: 14/14 MP: 3/3
   505 | D:1      | Reached XP level 2. HP: 20/20 MP: 2/5
   544 | D:1      | Found a faded altar of an unknown god.
   904 | D:1      | Reached skill level 3 in Spellcasting
  1456 | D:2      | Reached XP level 3. HP: 26/26 MP: 4/8
  2177 | D:3      | Reached skill level 4 in Spellcasting
  2338 | D:3      | Reached XP level 4. HP: 33/33 MP: 7/10
  2646 | D:3      | Noticed a necrophage
  2654 | D:3      | Killed a necrophage
  2655 | D:3      | Reached skill level 5 in Spellcasting
  2655 | D:3      | Reached XP level 5. HP: 38/38 MP: 3/12
  3020 | D:3      | Noticed an ice beast
  3033 | D:3      | Killed an ice beast
  3436 | D:4      | Reached skill level 6 in Spellcasting
  3436 | D:4      | Reached XP level 6. HP: 45/45 MP: 8/15
  3439 | D:4      | Learned a level 2 spell: Searing Ray
  3444 | D:4      | Learned a level 4 spell: Iskenderun's Mystic Blast
  3449 | D:4      | Learned a level 4 spell: Fulminant Prism
  3514 | D:4      | Noticed Grinder
  3525 | D:4      | Paralysed by Grinder for 7 turns
  3532 | D:4      | Gained mutation: Your magical capacity is low. (-10% MP)
                  | [potion of mutation]
  3532 | D:4      | Gained mutation: Your muscles are strong. (Str +2) [potion
                  | of mutation]
  3532 | D:4      | Gained mutation: You are partially covered in large bone
                  | plates. (SH +4) [potion of mutation]
  4086 | D:4      | Noticed Robin
  4192 | D:4      | Paralysed by Grinder for 2 turns
  4197 | D:4      | Paralysed by Grinder for 4 turns
  4205 | D:4      | Killed Grinder
  4206 | D:4      | Your scales start taking on a glossy black colour.
  4206 | D:4      | Reached XP level 7. HP: 15/50 MP: 0/15
  4206 | D:4      | Gained mutation: You are resistant to electric shocks.
                  | (rElec) [Black Draconian growth]
  4759 | D:4      | Reached skill level 7 in Spellcasting
  4845 | D:4      | Identified the +2 rapier of Naidatt {drain, rPois Stlth+}
  4894 | D:4      | Noticed Ijyb
  4911 | D:4      | HP: 2/51 [Ijyb (2)]
  4912 | D:4      | Succumbed to Ijyb's poison

Illustrated notes

Levels and vault maps discovered:
D:1:      dpeg_arrival_tiny_j, layout_loops_corners,
          shapermc_ecumenical_altar_notcrosses
D:2:      layout_rooms
D:3:      layout_basic, hex_large
D:4:      layout_gridville, ashenzari_altar_1, nrook_campfire, uniq_sigmund,
          uniq_grinder, uniq_robin, uniq_ijyb

Skill      XL: |  1  2  3  4  5  6  7 |
---------------+----------------------+-----
Spellcasting   | 3 4 5 6 7 |  7.1
Dodging        | 2 |  2.0
Stealth        | 2 |  2.1
Fighting       | |  0.6
Shields        | |  0.2
Conjurations   | |  4.4

Action                   |  1- 3 |  4- 6 |  7- 9 || total
-------------------------+-------+-------+-------++-------
Melee: Staff             |     4 |     1 |     2 ||     7
 Cast: Magic Dart        |    90 |    76 |    27 ||   193
       Searing Ray       |       |     9 |     6 ||    15
  Use: Potion            |       |     4 |     2 ||     6
       Scroll            |       |     1 |     1 ||     2
Armor: Skin              |     3 |    14 |     6 ||    23
Dodge: Dodged            |    16 |    38 |     6 ||    60
Block: Other             |       |     7 |     2 ||     9

Table legend: (Time is in decaauts)
 A = Elapsed time spent in this place.
 B = Non-inter-level travel time spent in this place.
 C = Inter-level travel time spent in this place.
 D = Time resting spent in this place.
 E = Time spent auto-exploring this place.
 F = Levels seen in this place.
 G = Mean time per level.
                   A        B        C        D        E       F      G
               +--------+--------+--------+--------+--------+-----+--------+
         Total |   4914 |   4797 |    117 |    973 |   3336 |   4 | 1228.5 |
       Dungeon |   4914 |   4797 |    117 |    973 |   3336 |   4 | 1228.5 |
               +--------+--------+--------+--------+--------+-----+--------+

Top non-repeatable levels by time:
     D:4: 1452 daAuts
     D:3: 1353 daAuts
     D:1: 1320 daAuts
     D:2: 788 daAuts
